 Dungeon Crawl Stone Soup version 0.24-a0-222-g1ac5efaa63 (webtiles) character file.

Game seed: 3833995719169339672

40 Redear the Shield-Bearer (level 3, 0/26 HPs)
             Began as an Octopode Fighter on Mar 31, 2019.
             Succumbed to an adder's poison
             ... on level 2 of the Dungeon.
             The game lasted 00:03:54 (919 turns).

Redear the Shield-Bearer (Octopode Fighter)          Turns: 919, Time: 00:03:54

Health: 0/26       AC:  1    Str: 20    XL:     3   Next: 50%
Magic:  3/3        EV: 12    Int: 10    God:
Gold:   128        SH:  9    Dex: 12    Spells: 2/2 levels left

rFire    . . .     SeeInvis .   g - +2 short sword (drain)
rCold    . . .     Gourm    .   b - +0 shield
rNeg     . . .     Faith    .   (helmet restricted)
rPois    .         Spirit   .   (no amulet)
rElec    .         Reflect  .   (no ring)
rCorr    .         Harm     .   (no ring)
MR       .....                  (no ring)
Stlth    +++.......             (no ring)
HPRegen  0.08/turn              (no ring)
MPRegen  0.08/turn              (no ring)
                                (no ring)
                                (no ring)

@: mighty, lethally poisoned (0 -> -8)
A: almost no armour, stealthy swim, amphibious, 8 rings, constrict 8, camouflage
1, gelatinous body 1
a: no special abilities


You were on level 2 of the Dungeon.
You were not hungry.

You visited 1 branch of the dungeon, and saw 2 of its levels.

You collected 128 gold pieces.

Inventory:

Hand Weapons
 a - a +0 long sword
 g - a +2 short sword of draining (weapon)
Missiles
 Q - 52 stones (quivered)
Armour
 b - a +0 shield (worn)
Scrolls
 e - a scroll of teleportation {unknown}
 f - a scroll of blinking {unknown}
 h - 5 scrolls of identify {unknown}
 i - a scroll of remove curse {unknown}
 j - a scroll of enchant weapon {unknown}
 k - 2 scrolls of amnesia {unknown}
 l - a scroll of fog {unknown}
Comestibles
 d - 4 rations


   Skills:
 + Level 3.3 Fighting
 + Level 2.4 Long Blades
 + Level 3.3 Dodging
 + Level 1.7 Stealth
 + Level 3.3 Shields


You had 2 spell levels left.
You didn't know any spells.
Your spell library was empty.

Dungeon Overview and Level Annotations

Branches:
Dungeon (2/15)

Altars:
Fedhas

Annotations:
D:1 1 runed translucent door


Innate Abilities, Weirdness & Mutations

You cannot wear most types of armour.
You are very stealthy in the water. (Stealth+)
You are amphibious.
You can wear up to eight rings at the same time.
You can use your tentacles to constrict eight enemies at once.
Your skin changes colour to match your surroundings (Stealth+).
Your rubbery body absorbs attacks. (AC +1, EV +1)


Message History

Unknown command.
You barely miss the adder.
You feel sick. The adder closely misses you. The adder bites you.
* * * LOW HITPOINT WARNING * * *
You are lethally poisoned!
The adder poisons you!
You take 4 damage, and have 7/26 hp.
You miss the adder.
* * * LOW HITPOINT WARNING * * *
You feel sick. You block the adder's attack.
You take 1 damage, and have 6/26 hp.
Unknown command.
You barely miss the adder. You grab the adder. You constrict the adder.
The adder bites you.
* * * LOW HITPOINT WARNING * * *
You take 5 damage, and have 1/26 hp.
Unknown command.
You puncture the adder!
You kill the adder!
You die...

...>..##..#
#...###.
.....####.#####
#....... ######
#.....####
#....##†
#####....# #...
#. ####†# #..
#. #.# #. ##
#.### # #
#...####
#@.....#
#.####... ≈K≈
## .≈≈≈.
.≈≈_≈≈.
#..≈≈≈.##
....≈≈≈#
.########


You could see a kobold.

Levels and vault maps discovered:
D:1:      dpeg_arrival_caged_fury, layout_basic, minmay_pentomino_x2
D:2:      layout_rooms, fedhas_altar_2, first_ration, led_sif_pool

Notes
Turn   | Place    | Note
-------+----------+-------------------------------------------
     0 | D:1      | Redear the Octopode Fighter began the quest for the Orb.
     0 | D:1      | Reached XP level 1. HP: 16/16 MP: 1/1
     1 | D:1      | Found a runed translucent door.
     5 | D:1      | Noticed a jelly
    74 | D:1      | Identified a +2 short sword of draining
   286 | D:1      | Identified a +0 club
   294 | D:1      | Reached XP level 2. HP: 21/21 MP: 2/2
   344 | D:1      | Reached skill level 1 in Stealth
   415 | D:1      | Identified a cursed -2 short sword
   688 | D:2      | Identified a +0 short sword
   868 | D:2      | Reached XP level 3. HP: 16/26 MP: 3/3
   903 | D:2      | Identified a cursed +0 short sword
   906 | D:2      | Found a blossoming altar of Fedhas.
   911 | D:2      | Identified a +1 whip of freezing
   917 | D:2      | HP: 6/26 [poisoned by an adder]
   918 | D:2      | HP: 1/26 [adder (5)]
   919 | D:2      | Succumbed to an adder's poison

Table legend:
 A = Turns spent in this place as a percentage of turns spent in the entire game.
 B = Non-inter-level travel turns spent in this place as a percentage of non-inter-level travel turns spent in the entire game.
 C = Inter-level travel turns spent in this place as a percentage of turns spent in this place.
 D = Turns resting spent in this place as a percentage of non-inter-level travel turns spent in this place.
 E = Turns spent auto-exploring this place as a percentage of non-inter-level travel turns spent in this place.
 F = Non-inter-level travel turns spent in this place divided by the number of levels of this place that you've seen.
                   A       B       C       D       E      F
               +-------+-------+-------+-------+-------+----------------------
         Total | 100.0 | 100.0 |   2.0 |   0.0 |  81.5 | 450.5
       Dungeon | 100.0 | 100.0 |   2.0 |   0.0 |  81.5 | 450.5
               +-------+-------+-------+-------+-------+----------------------

Table legend:
 A = Kills in this place as a percentage of kills in entire the game.
 B = Kills by you in this place as a percentage of kills by you in the entire game.
 C = Kills by friends in this place as a percentage of kills by friends in the entire game.
 D = Other kills in this place as a percentage of other kills in the entire game.
 E = Experience gained in this place as a percentage of experience gained in the entire game.
 F = Experience gained in this place divided by the number of levels of this place that you have seen.
                   A       B       C       D       E      F
               +-------+-------+-------+-------+-------+----------------------
         Total | 100.0 | 100.0 |   N/A |   N/A | 100.0 |  29.0
       Dungeon | 100.0 | 100.0 |   N/A |   N/A | 100.0 |  29.0
               +-------+-------+-------+-------+-------+----------------------

Skill      XL: |  1  2 |
---------------+-------+-----
Stealth        | 1 |  1.7
Fighting       | |  3.3
Long Blades    | |  2.4
Dodging        | |  3.3
Shields        | |  3.3

Action                   || total
-------------------------++-------
Melee: Short sword       ||    37
       Long sword        ||     4
       Constrict         ||    12
       Tentacles         ||     3
  Use: Potion            ||     1
 Stab: Sleeping          ||     4
Armor: Skin              ||     1
Dodge: Dodged            ||    17
Block: Shield            ||    15

Vanquished Creatures
  2 adders (D:2)
  A dart slug (D:1)
  2 bats (D:2)
  2 giant cockroaches
  2 goblins
  A hobgoblin (D:1)
  2 frilled lizards (D:1)
  6 kobolds
  3 rats
21 creatures vanquished.
